 Dungeon Crawl Stone Soup version 0.29-a0-319-gad05b8d819 (webtiles) character file.

Game seed: 13491226541632500630

8 sammy202020 the Skirmisher (level 2, 0/36 HPs)
             Began as a Demonspawn Berserker on Apr 2, 2022.
             Was a Follower of Trog.
             Slain by a frilled lizard (2 damage)
             ... on level 1 of the Dungeon.
             The game lasted 00:00:30 (68 turns).

sammy202020 the Skirmisher (Demonspawn Berserker)     Turns: 68, Time: 00:00:31

Health: 0/36       AC:  2    Str: 17    XL:     2   Next: 0%
Magic:  2/2        EV: 14    Int:  8    God:    Trog [*.....]
Gold:   0          SH:  0    Dex: 12    Spells: 1/1 levels left

rFire   . . .      SeeInvis .   a - +0 hand axe
rCold   . . .      Faith    .   (no shield)
rNeg    . . .      Spirit   .   b - +0 animal skin
rPois   .          Reflect  .   (no helmet)
rElec   .          Harm     .   (no cloak)
rCorr   .          Rampage  .   (no gloves)
Will    .....                   (no boots)
Stlth   ..........              (no amulet)
HPRegen 0.12/turn               (no ring)
MPRegen 0.08/turn               (no ring)

@: berserking, very quick
A: repulsion field 1
a: Renounce Religion, Berserk


You were on level 1 of the Dungeon.
You worshipped Trog.
Trog was aware of your devotion.
You visited 1 branch of the dungeon, and saw 1 of its levels.

Inventory:

Hand Weapons
 a - a +0 hand axe (weapon)
Armour
 b - a +0 animal skin (worn)


   Skills:
 * Level 3.1 Fighting
 * Level 2.9 Axes
 * Level 2.0 Armour
 + Level 1.9 Dodging


You had one spell level left.
You didn't know any spells.
Your spell library was empty.

Dungeon Overview and Level Annotations

Branches:
Dungeon (1/15)

Altars:


Innate Abilities, Weirdness & Mutations

You are surrounded by a mild repulsion field. (EV +2)


Message History

You are too injured to fight recklessly!
You are too injured to fight recklessly!
You are too injured to fight recklessly!
You are too injured to fight recklessly!
The kobold shouts!
A frilled lizard comes into view.
The frilled lizard hisses angrily.
The frilled lizard unfolds its giant frill.
The frilled lizard moves out of view.
You hit the kobold.
The kobold is heavily wounded.
The kobold hits you but does no damage.
You closely miss the kobold. Your punch misses the kobold.
The kobold is heavily wounded.
The kobold closely misses you.
You hit the kobold but do no damage.
The kobold is heavily wounded.
The kobold misses you.
You completely miss the kobold.
The kobold is heavily wounded.
You closely miss the frilled lizard.
The kobold hits you with a +0 short sword.
* * * LOW HITPOINT WARNING * * *
The frilled lizard barely misses you. The kobold hits you but does no damage.
The frilled lizard barely misses you.
A red film seems to cover your vision as you go berserk!
You feel yourself moving faster!
You feel mighty! The frilled lizard barely misses you.
The kobold closely misses you.
You hit the kobold.
You kill the kobold!
Trog accepts your kill.
You completely miss the frilled lizard.
Your Armour skill increases to level 2!
You have reached level 2!
Your demonic ancestry asserts itself...
You begin to radiate repulsive energy.
You closely miss the frilled lizard. The frilled lizard bites you.
* * * LOW HITPOINT WARNING * * *
You miss the frilled lizard. The frilled lizard bites you.
You die...

#... ...# #... ...##≈.
... ......≈.########
#.. ##...#.≈8#≈≈≈≈≈#.
.. ......≈.#≈...≈#.
#.###...##≈.#≈.#.≈#.
#.#.l..# #≈8#≈.#.≈#.
#.)@...###≈.#≈.#.≈#.
#......##...'..#..'.
#......†....'..#..'.
##....†##.≈.#≈.#.≈#.
....#...†##.≈8#≈.#.≈#.
...#.#....##.≈.#≈.#.≈#.
#. #.#....##.≈.#≈...≈#.
# #.#....##.≈8#≈≈≈≈≈#.
#.#######.≈.########


You could see a frilled lizard.

Vanquished Creatures
  2 endoplasms (D:1)
  2 giant cockroaches (D:1)
  A kobold (D:1)
  A bat (D:1)
  A frilled lizard (D:1)
7 creatures vanquished.

Notes
Turn   | Place    | Note
-------+----------+-------------------------------------------
     0 | D:1      | sammy202020 the Demonspawn Berserker began the quest for
                  | the Orb.
     0 | D:1      | Reached XP level 1. HP: 18/18 MP: 1/1
    67 | D:1      | Gained mutation: You are surrounded by a mild repulsion
                  | field. (EV +2) [demonic ancestry]
    67 | D:1      | Reached XP level 2. HP: 4/24 MP: 2/2
    68 | D:1      | Slain by a frilled lizard

Illustrated notes

Levels and vault maps discovered:
D:1:      lightli_arrival_isolated_outpost, layout_basic

Skill      XL: |  1 |
---------------+----+-----
Armour         | 2 |  2.0
Fighting       | |  3.1
Axes           | |  2.9
Dodging        | |  1.9

Action                   || total
-------------------------++-------
Melee: Hand axe          ||    26
Invok: Berserk           ||     1
Armor: Animal skin       ||    15
Dodge: Dodged            ||    28

Table legend: (Time is in decaauts)
 A = Elapsed time spent in this place.
 B = Non-inter-level travel time spent in this place.
 C = Inter-level travel time spent in this place.
 D = Time resting spent in this place.
 E = Time spent auto-exploring this place.
 F = Levels seen in this place.
 G = Mean time per level.
                   A        B        C        D        E       F      G
               +--------+--------+--------+--------+--------+-----+--------+
         Total |     71 |     71 |      0 |      5 |     20 |   1 |   71.0 |
       Dungeon |     71 |     71 |      0 |      5 |     20 |   1 |   71.0 |
               +--------+--------+--------+--------+--------+-----+--------+

Top non-repeatable levels by time:
     D:1: 71 daAuts
